 Dungeon Crawl Stone Soup version 0.31.0-9-g3a7656b989 (webtiles) character file.

Game seed: 396241939539781354

631 qw the Shooter (level 7, -1/35 HPs)
             Began as a Spriggan Hunter on Feb 2, 2024.
             Killed by divine providence
             ... invoked by an orc priest
              (10 damage)
             ... on level 5 of the Dungeon.
             The game lasted 00:00:20 (3659 turns).

qw the Shooter (Spriggan Hunter)                    Turns: 3659, Time: 00:00:20

Health: -1/35      AC:  6    Str:  7    XL:     7   Next: 24%
Magic:  8/8        EV: 22    Int: 10    God:
Gold:   893        SH:  0    Dex: 21    Spells: 6/6 levels left

rFire   . . .        a - +0 shortbow
rCold   . . .        (shield currently unavailable)
rNeg    . . .        q - +1 robe {Will+}
rPois   .            e - +1 hat
rElec   .            d - +1 cloak
rCorr   .            (gloves unavailable)
SInv    +            (boots unavailable)
Will    ++...        (no amulet)
Stlth   ++           (no ring)
HPRegen 0.25/turn    (no ring)
MPRegen 0.11/turn

%: no passive effects
@: very quick
A: very small, no large weapons, unfitting armour, see invisible, speed 3
a: no special abilities


You were on level 5 of the Dungeon.
You visited 2 branches of the dungeon, and saw 6 of its levels.

You collected 1013 gold pieces.
You spent 120 gold pieces at shops.


Innate Abilities, Weirdness & Mutations

You are very small and have problems with some larger weapons.
You are too small for most types of armour.
You have supernaturally acute eyesight. (SInv)
You cover ground extremely quickly. (Speed+++)


   Skills:
 - Level 2.2 Fighting
 + Level 7.0 Ranged Weapons
 - Level 7.0 Dodging
 - Level 1.5 Stealth


You had 6 spell levels left.
You didn't know any spells.
Your spell library was empty.

Inventory:

Hand Weapons
 a - a +0 shortbow (weapon)
Armour
 d - a +1 cloak (worn)
 e - a +1 hat (worn)
 q - a +1 robe of willpower (worn)
Wands
 c - a wand of paralysis (7)
Potions
 f - a potion of cancellation
 g - a potion of resistance
 h - a potion of curing
 j - a potion of attraction {unknown}
 n - a potion of might
 o - a potion of invisibility {unknown}
 r - a potion of lignification {unknown}

Dungeon Overview and Level Annotations

Branches:
Dungeon (5/15)             Temple (1/1) D:4

Altars:
Ashenzari
Cheibriados
Dithmenos
Elyvilon
Gozag
Makhleb
Ru
Uskayaw
Yredelemnul
The Shining One

Shops:
D:3 (:*(!

Annotations:
D:4 2 transporters


Message History

You kill the orc warrior!
Your Dodging skill increases to level 7!
You start resting.
HP restored.
Enter note:
Enter note:
Enter note:
Enter note:
Things that are here:
a +0 flail; a +0 plate armour
There is a stone staircase leading down here.
You climb downwards.
There is a stone staircase leading up, spattered with blood here.
You shoot an arrow. The arrow hits the orc priest.
The orc priest is moderately wounded.
The orc priest miscasts a cantrip.
You shoot an arrow.
The arrow hits the orc priest but does no damage.
The orc priest is moderately wounded.
You shoot an arrow. The arrow hits the orc priest!
The orc priest is almost dead.
The orc priest calls down the wrath of Beogh upon you.
Beogh smites you! The orc priest completely misses you.
You shoot an arrow.
The arrow hits the orc priest but does no damage.
The orc priest is almost dead.
The orc priest calls down the wrath of Beogh upon you.
Beogh smites you!
The orc priest calls upon Beogh to heal the orc priest.
The orc priest is healed somewhat.
You shoot an arrow. The arrow hits the orc priest.
The orc priest is almost dead.
The orc priest closely misses you. The orc priest completely misses you.
You shoot an arrow.
The arrow hits the orc priest but does no damage.
The orc priest is almost dead.
The orc priest hits you but does no damage.
The orc priest mumbles some strange prayers to Beogh against you.
Beogh smites you!
You die...

...._......#.# #.......
.##...#.##...# #.......
##.##.####.###.##.##.
#.###....##..>.......##.
#.....#######.#.#.###...
#####.### #.....#.###.#.
#...# ###.#.#.......
######...#####.#.......##
........@o..##.....#####
####.....o..##.#....#
#.........#.######
#...........#
###...###.### #...###)#
##.###..# #.##.o## #'##


You could see 2 orc priests.

Vanquished Creatures
  An orc warrior (D:4)
  A phantom (D:4)
  A howler monkey (D:5)
  A hound (D:5)
  An orc priest (D:3)
  Jessica (D:2)
  2 orc wizards
  Natasha (thrice) (D:2)
  Robin (D:2)
  4 gnolls
  5 adders
  A river rat (D:3)
  A ribbon worm (D:2)
  4 dart slugs
  8 orcs
  6 ball pythons
  5 bats
  7 endoplasms
  7 giant cockroaches
  12 goblins
  10 hobgoblins
  4 jackals (D:3)
  6 kobolds
  2 quokkas
  4 frilled lizards
  9 rats
107 creatures vanquished.

Notes
Turn   | Place    | Note
-------+----------+-------------------------------------------
     0 | D:1      | qw the Spriggan Hunter began the quest for the Orb.
     0 | D:1      | Reached XP level 1. HP: 10/10 MP: 2/2
     0 | D:1      | 0 ||| qw: Version: 0.3-a-155-g5e7d8dd
     0 | D:1      | 0 ||| qw: Game counter: 914
     0 | D:1      | 0 ||| qw: Melee chars always use a shield: true
     0 | D:1      | 0 ||| qw: God list: Okawaru
     0 | D:1      | 0 ||| qw: Allow faded altars: false
     0 | D:1      | 0 ||| qw: Do Orc after clearing Dungeon:15 true
     0 | D:1      | 0 ||| qw: Do second Lair branch before Depths: true
     0 | D:1      | 0 ||| qw: Lair rune preference: random
     0 | D:1      | 0 ||| qw: Goals: Normal
     0 | D:1      | 0 ||| PLANNING D:1-11
    88 | D:1      | Reached skill level 3 in Dodging
   210 | D:1      | Reached XP level 2. HP: 14/14 MP: 3/3
   840 | D:1      | Reached XP level 3. HP: 18/18 MP: 4/4
   974 | D:1      | 974 ||| UPGRADING to +1 cloak.
   979 | D:1      | 979 ||| READING scroll labelled NOGUIH MOACVA.
   980 | D:1      | 980 ||| READING scroll labelled GIOBUZOCHIF.
   981 | D:1      | 981 ||| READING scroll labelled LILECILIAT.
   982 | D:1      | 982 ||| READING scroll labelled MOOHUY TUSS.
   983 | D:1      | 983 ||| DROPPING scroll of butterflies.
  1012 | D:2      | Noticed Natasha
  1014 | D:2      | Killed Natasha
  1041 | D:2      | Found a sacrificial altar of Ru.
  1043 | D:2      | 1043 ||| FLEEEEING.
  1044 | D:2      | 1044 ||| FLEEEEING.
  1054 | D:2      | Noticed Robin
  1054 | D:2      | Noticed Natasha
  1061 | D:2      | Killed Natasha
  1062 | D:2      | Reached XP level 4. HP: 13/22 MP: 5/5
  1071 | D:2      | Killed Robin
  1099 | D:2      | Noticed Natasha
  1108 | D:2      | Killed Natasha
  1109 | D:2      | Reached XP level 5. HP: 12/26 MP: 6/6
  1274 | D:2      | Noticed Jessica
  1277 | D:2      | Killed Jessica
  1317 | D:2      | You fall into a shaft and drop 1 floor!
  1317 | D:3      | Found Cuts's Assorted Antiques.
  1318 | D:3      | 1318 ||| PLANNING SEWER
  1323 | D:3      | 1323 ||| BUYING granite ring (100 gold).
  1323 | D:3      | Bought a granite ring for 100 gold pieces
  1323 | D:3      | 1323 ||| SHOPLISTING runed hat (140 gold, have 21).
  1323 | D:3      | 1323 ||| BUYING scroll labelled ZUNURY MAVYI (20 gold).
  1323 | D:3      | Bought a scroll labelled ZUNURY MAVYI for 20 gold pieces
  1323 | D:3      | 1323 ||| SHOPLISTING tapered ivory wand (80 gold, have 1).
  1364 | D:3      | Found Cairph's Distillery.
  1370 | D:3      | 1370 ||| SHOPLISTING 2 potions of enlightenment (110 gold,
                  | have 15).
  1370 | D:3      | 1370 ||| SHOPLISTING potion of curing (33 gold, have 15).
  1370 | D:3      | 1370 ||| SHOPLISTING potion of enlightenment (55 gold, have
                  | 15).
  1370 | D:3      | 1370 ||| SHOPLISTING potion of haste (110 gold, have 15).
  1370 | D:3      | 1370 ||| SHOPLISTING potion of heal wounds (55 gold, have
                  | 15).
  1370 | D:3      | 1370 ||| SHOPLISTING potion of resistance (110 gold, have
                  | 15).
  1378 | D:3      | Found Zuqeh's Antique Weapon Shop.
  1386 | D:3      | 1386 ||| SHOPLISTING orcbow (84 gold, have 15).
  1533 | D:3      | 1533 ||| FLEEEEING.
  1535 | D:3      | 1535 ||| FLEEEEING.
  1536 | D:3      | 1536 ||| FLEEEEING.
  1537 | D:3      | 1537 ||| FLEEEEING.
  1583 | D:3      | Found Pusept's Book Shoppe.
  1602 | D:3      | Found Coafian's Weapon Emporium.
  1609 | D:3      | 1609 ||| SHOPLISTING +6 sling (335 gold, have 27).
  1647 | D:3      | Reached skill level 6 in Ranged Weapons
  1739 | D:3      | Found a shadowy altar of Dithmenos.
  1742 | D:3      | Found a burning altar of Makhleb.
  1834 | D:3      | Reached XP level 6. HP: 30/30 MP: 7/7
  2087 | D:3      | Found a glowing drain.
  2088 | D:3      | 2088 ||| UPGRADING to +1 robe of willpower.
  2098 | D:3      | 2098 ||| DROPPING +0 robe.
  2099 | D:3      | 2099 ||| DROPPING ring of wizardry.
  2100 | D:3      | 2100 ||| READING 2 scrolls labelled WALAIR FIGE.
  2100 | D:3      | 2100 ||| IDENTIFYING golden potion
  2101 | D:3      | 2101 ||| READING scroll of identify.
  2101 | D:3      | 2101 ||| IDENTIFYING green potion
  2102 | D:3      | 2102 ||| READING scroll labelled SASTEIVILY.
  2203 | D:3      | 2203 ||| READING 2 scrolls labelled ZUNURY MAVYI.
  2204 | D:3      | 2204 ||| READING scroll labelled WOGEWASYPI.
  2204 | D:3      | Identified a scroll of acquirement
  2204 | D:3      | 2204 ||| ACQUIRING 739 gold pieces
  2204 | D:3      | Acquired 739 gold pieces
  2205 | D:3      | 2205 ||| READING scroll labelled PEENURHAIJ.
  2210 | D:3      | 2210 ||| DRINKING 2 fuming dark potions.
  2211 | D:3      | 2211 ||| DRINKING 2 bubbling clear potions.
  2212 | D:3      | 2212 ||| DRINKING 2 blue potions.
  2213 | D:3      | 2213 ||| DROPPING potion of brilliance.
  2214 | D:3      | 2214 ||| DROPPING scroll of revelation.
  2281 | D:3      | 2281 ||| RIP SEWER
  2281 | D:3      | 2281 ||| PLANNING D:1-11
  2611 | D:4      | 2611 ||| FLEEEEING.
  2612 | D:4      | 2612 ||| FLEEEEING.
  2613 | D:4      | 2613 ||| FLEEEEING.
  2614 | D:4      | 2614 ||| FLEEEEING.
  2615 | D:4      | 2615 ||| FLEEEEING.
  2616 | D:4      | 2616 ||| STAIRDANCE
  2664 | D:4      | 2664 ||| STAIRDANCE
  2698 | D:4      | 2698 ||| STAIRDANCE
  2711 | D:4      | 2711 ||| STAIRDANCE
  2767 | D:4      | 2767 ||| STAIRDANCE
  2783 | D:4      | 2783 ||| STAIRDANCE
  2788 | D:3      | Reached skill level 6 in Dodging
  2795 | D:4      | 2795 ||| STAIRDANCE
  2942 | D:4      | Found a staircase to the Ecumenical Temple.
  2943 | D:4      | 2943 ||| PLANNING TEMPLE
  2943 | D:4      | 2943 ||| READING scroll of identify.
  2943 | D:4      | 2943 ||| IDENTIFYING silvery potion
  2952 | Temple   | Entered the Ecumenical Temple
  2953 | Temple   | 2953 ||| PLANNING D:1-11
  3020 | D:4      | Found a transporter.
  3026 | D:4      | Found a transporter.
  3233 | D:4      | 3233 ||| UPGRADING to +1 hat.
  3263 | D:5      | Entered Level 5 of the Dungeon
  3264 | D:5      | Found a white marble altar of Elyvilon.
  3418 | D:5      | Noticed an orc warrior
  3419 | D:5      | 3419 ||| RETREEEEATING.
  3420 | D:5      | 3420 ||| RETREEEEATING.
  3422 | D:5      | 3422 ||| RETREEEEATING.
  3430 | D:5      | Reached XP level 7. HP: 15/35 MP: 8/8
  3431 | D:5      | HP: 3/35 [orc priest/divine providence (12)]
  3432 | D:5      | 3432 ||| READING 2 scrolls of teleportation.
  3433 | D:5      | 3433 ||| DRINKING potion of heal wounds.
  3435 | D:5      | 3435 ||| FLEEEEING.
  3436 | D:5      | 3436 ||| STAIRDANCE
  3455 | D:5      | 3455 ||| STAIRDANCE
  3466 | D:4      | HP: 6/35 [orc warrior/+0 flail (9)]
  3467 | D:4      | 3467 ||| READING scroll of teleportation.
  3534 | D:4      | HP: 8/35 [orc warrior/+0 flail (12)]
  3659 | D:5      | Killed from afar by an orc priest

Levels and vault maps discovered:
D:1:      noname_arrival_rooms_in_the_neighbourhood, layout_basic
D:2:      layout_rooms, basic_altar, uniq_robin, uniq_natasha, uniq_jessica
D:3:      layout_basic, nicolae_overflow_squiral,
          mainiacjoe_sewer_entry_somewhere_in_here_2, serial_shops, shop, shop,
          nicolae_shop_pleasant_corner_grove, shop, nicolae_square_shop,
          dk_noncrumbling_4, minmay_misc_feat_iff, palyth_stone_intersect
D:4:      gammafunk_steamed_eel, layout_rooms, lemuel_temple_firewalk_a,
          grunt_ministairs_1
D:5:      cheibrodos_fertilizer, layout_loops_cross,
          nicolae_overflow_crystal_walls, mainiacjoe_overflow_alcove_1,
          grunt_decor_junction, nicolae_nh_ransacked_shop
Temple:   nicolae_temple_little_seven

Skill      XL: |  1  2  3  4  5  6  7 |
---------------+----------------------+-----
Dodging        | 3 4 5 6 7 |  7.0
Ranged Weapons | 5 6 7 |  7.0
Fighting       | 2 |  2.2
Stealth        | |  1.5

Action                     |  1- 3 |  4- 6 |  7- 9 || total
---------------------------+-------+-------+-------++-------
   Fire: Shortbow          |    91 |   238 |    39 ||   368
    Use: Scroll            |     4 |     7 |     2 ||    13
         Potion            |       |     3 |     1 ||     4
 Armour: Robe              |    12 |    41 |    10 ||    63
  Dodge: Dodged            |    25 |   141 |    39 ||   205

Table legend:
 A = Non-vault XP
 B = Vault XP
 C = Vault XP percentage of total XP
 D = Non-vault monster count
 E = Vault monster count
 F = Vault count percentage of total count
                 A         B        C        D         E       F
            +---------+---------+-------+---------+---------+-------
      Total |     530 |     372 |  41.2 |      81 |      26 |  24.3
            +---------+---------+-------+---------+---------+-------
        D:1 |      47 |       0 |   0.0 |      26 |       0 |   0.0
        D:2 |     121 |     109 |  47.4 |      14 |      15 |  51.7
        D:3 |     190 |      20 |   9.5 |      31 |       6 |  16.2
        D:4 |      76 |     240 |  75.9 |       8 |       4 |  33.3
        D:5 |      96 |       3 |   3.0 |       2 |       1 |  33.3
            +---------+---------+-------+---------+---------+-------
